 Dungeon Crawl Stone Soup version 0.27-a0-1290-g15d3ce7508 (webtiles) character file.

Game seed: 15946456368488819163

58 27snakeeyes612 the Shield-Bearer (level 4, 0/24 HPs)
             Began as a Vine Stalker Fighter on June 15, 2021.
             Slain by Terence (1 damage)
             ... on level 1 of the Dungeon.
             The game lasted 00:01:52 (2532 turns).

27snakeeyes612 the Shield-Bearer (VSFi)             Turns: 2532, Time: 00:01:53

Health: 0/24       AC:  7    Str: 20    XL:     4   Next: 1%
Magic:  0/5        EV:  7    Int:  8    God:
Gold:   31         SH:  9    Dex: 13    Spells: 3/3 levels left

rFire    . . .     SeeInvis .   a - +0 flail
rCold    . . .     Faith    .   c - +0 kite shield
rNeg     . . .     Spirit   +   b - +0 scale mail
rPois    .         Reflect  .   i - +0 helmet
rElec    .         Harm     .   (no cloak)
rCorr    .         Rampage  .   (no gloves)
Will     .....                  (no boots)
Stlth    ..........             (no amulet)
HPRegen  1.08/turn              (no ring)
MPRegen  0.09/turn              (no ring)

@: mighty, lethally poisoned (0 -> -1)
A: fangs 2, regeneration 1, magic shield, antimagic bite, no potion heal 2
a: no special abilities


You were on level 1 of the Dungeon.
You visited 1 branch of the dungeon, and saw 2 of its levels.

You collected 31 gold pieces.

Inventory:

Hand Weapons
 a - a +0 flail (weapon)
Armour
 b - a +0 scale mail (worn)
 c - a +0 kite shield (worn)
 i - a +0 helmet (worn)
Scrolls
 e - a scroll of blinking {unknown}
 j - a scroll of magic mapping {unknown}
 l - a scroll of identify {unknown}
Potions
 f - a potion of ambrosia {unknown}
 g - 2 potions of haste {unknown}
 h - a potion of attraction {unknown}
 k - a potion of lignification {unknown}


   Skills:
 + Level 3.1 Fighting
 + Level 2.3 Maces & Flails
 + Level 2.9 Armour
 + Level 3.2 Shields


You had 3 spell levels left.
You didn't know any spells.
Your spell library contained the following spells:

 Spells                   Type           Power      Damage    Failure   Level
 Confusing Touch          Hex            0%         N/A       100%        3
 Gell's Gravitas          Tloc           0%         N/A       100%        3
 Petrify                  Tmut/Erth      0%         N/A       100%        4
 Metabolic Englaciation   Hex/Ice        0%         N/A       100%        5
 Yara's Violent Unravell  Hex/Tmut       0%         3d3       100%        5


Dungeon Overview and Level Annotations

Branches:
Dungeon (2/15)

Altars:

Shops:
D:1 !

Annotations:
D:1 Terence


Innate Abilities, Weirdness & Mutations

You have extremely sharp teeth.
Your natural rate of healing is unusually fast.
When hurt, damage is shared between your health and your magic reserves.
Your bite disrupts and absorbs the magic of your enemies.
Potions cannot restore your health.


Message History

You climb upwards.
There is a stone staircase leading down here.
You block Terence's attack. The adder bites you but does no damage.
The adder bites you. The adder bites you.
You are poisoned.
The adder poisons you!
You feel sick.
You feel sick.
You feel very mighty all of a sudden.
You feel sick. You block the adder's attack. The adder barely misses you.
You hit the adder. Your bite misses the adder.
The adder is lightly wounded.
You feel sick.
You are no longer poisoned.
You block the adder's attack. x2
You miss the adder.
The adder is lightly wounded.
The adder bites you.
You are poisoned.
The adder poisons you! You block the adder's attack.
You barely miss the adder.
The adder is lightly wounded.
You feel sick. The adder bites you but does no damage. The adder bites you.
* * * LOW HITPOINT WARNING * * *
You are lethally poisoned!
The adder poisons you!
You thump the adder!
You kill the adder!
* * * LOW HITPOINT WARNING * * *
You feel very sick. You block Terence's attack.
You have reached level 4!
You feel stronger.
You begin to heal more quickly.
You hit Terence but do no damage. Your bite misses Terence.
* * * LOW HITPOINT WARNING * * *
You feel sick. Terence hits you with a +0 hand axe.
You die...

.#.........#####...########.####.
.....#......................#....
#...###....######################
.....#........#
...........##.####
#...)............#
#...........#.##.#
#.######......##@# #)#
#......##@# ..# #......##.# #####
### #....>.##.# #######...####
########......##.###.............
.....[.#......#..##..........#.##
...###.#......#.#....######....##
...# #.#......#.#....######....##
...# #.#......#.#......##........
...# #.#......#.##.....##........


You could see Terence.

Vanquished Creatures
  An adder (D:1)
  2 worms (D:2)
  2 bats
  4 endoplasms (D:1)
  2 giant cockroaches (D:1)
  3 goblins (D:1)
  3 hobgoblins (D:1)
  3 jackals (D:1)
  2 kobolds (D:1)
  4 quokkas (D:1)
  3 ball pythons
  6 frilled lizards
  6 rats
41 creatures vanquished.

Notes
Turn   | Place    | Note
-------+----------+-------------------------------------------
     0 | D:1      | 27snakeeyes612 the Vine Stalker Fighter began the quest for
                  | the Orb.
     0 | D:1      | Reached XP level 1. HP: 11/11 MP: 2/2
    57 | D:1      | Reached XP level 2. HP: 10/16 MP: 3/3
   871 | D:1      | Found Ibrungis's Distillery.
  1264 | D:1      | Reached XP level 3. HP: 20/20 MP: 4/4
  2214 | D:2      | Noticed Terence
  2531 | D:1      | HP: 1/20 [poisoned by an adder]
  2532 | D:1      | Gained mutation: Your natural rate of healing is unusually
                  | fast. [Vine Stalker growth]
  2532 | D:1      | Reached XP level 4. HP: 2/24 MP: 1/5
  2532 | D:1      | Slain by Terence

Illustrated notes

Levels and vault maps discovered:
D:1:      lightli_arrival_chessboard, layout_basic, serial_shops,
          nicolae_shop_statue_plus, serial_bayou_pond_a,
          hangedman_decor_growths, minmay_strange_pillars
D:2:      layout_basic, uniq_terence, uniq_crazy_yiuf_cottage

Skill      XL: |  1  2 |
---------------+-------+-----
Maces & Flails | 2 |  2.3
Shields        | 3 |  3.2
Fighting       | 3 |  3.1
Armour         | |  2.9

Action                   |  1- 3 |  4- 6 || total
-------------------------+-------+-------++-------
Melee: Flail             |   116 |     1 ||   117
       Bite              |    24 |       ||    24
  Use: Potion            |     1 |       ||     1
Armor: Scale mail        |    64 |       ||    64
Dodge: Dodged            |    48 |       ||    48
Block: Kite shield       |    69 |       ||    69

Table legend: (Time is in decaauts)
 A = Elapsed time spent in this place.
 B = Non-inter-level travel time spent in this place.
 C = Inter-level travel time spent in this place.
 D = Time resting spent in this place.
 E = Time spent auto-exploring this place.
 F = Levels seen in this place.
 G = Mean time per level.
                   A        B        C        D        E       F      G
               +--------+--------+--------+--------+--------+-----+--------+
         Total |   2596 |   2513 |     83 |    252 |   1931 |   2 | 1298.0 |
       Dungeon |   2596 |   2513 |     83 |    252 |   1931 |   2 | 1298.0 |
               +--------+--------+--------+--------+--------+-----+--------+

Top non-repeatable levels by time:
     D:1: 2084 daAuts
     D:2: 511 daAuts
